 Dungeon Crawl Stone Soup version 0.17-a0-1650-gce8475a (webtiles) character file.

25 ithink the Insei (level 3, 0/23 HPs)
             Began as an Octopode Transmuter on Aug 13, 2015.
             Succumbed to an adder's poison
             ... on level 2 of the Dungeon.
             The game lasted 00:02:33 (394 turns).

ithink the Insei (Octopode Transmuter)               Turns: 394, Time: 00:02:33

Health: 0/23       AC:  1    Str:  9    XL:     3   Next: 6%
Magic:  5/6        EV: 18    Int: 15    God:
Gold:   46         SH:  0    Dex: 18    Spells: 1 memorised, 5 levels left

rFire  . . .     SeeInvis .       - Unarmed
rCold  . . .     Clarity  .     (no shield)
rNeg   . . .     SustAt   .     (helmet restricted)
rPois  .         Gourm    .     m - amulet of inaccuracy (curse)
rElec  .         Spirit   .     (no ring)
rCorr  .         Warding  .     (no ring)
rMut   .         Stasis   .     (no ring)
MR     .....                    (no ring)
Stlth  ++++......               (no ring)
                                (no ring)
                                (no ring)
                                (no ring)

@: agile, lethally poisoned (0 -> -4), appendage (expiring), not resistant to
hostile enchantments, stealthy
A: almost no armour, amphibious, 8 rings, constrict 8, tentacle spike 3,
camouflage 1, screaming 1, spit poison 1, gelatinous body 1
a: Spit Poison, End Transformation


You were on level 2 of the Dungeon.
You were not hungry.
One of your tentacles had a temporary spike.
You visited 1 branch of the dungeon, and saw 2 of its levels.

You collected 46 gold pieces.

Inventory:

Missiles
 a - 12 arrows
 d - 17 stones (quivered)
Jewellery
 m - a cursed amulet of inaccuracy (around mantle)
Scrolls
 j - 2 scrolls of magic mapping
Books
 b - a book of Changes

   Spells                             Type                      Level
   a - Beastly Appendage              Transmutation                1
   b - Sticks to Snakes               Transmutation                2
   c - Spider Form                    Transmutation/Poison         3
   d - Ice Form                       Ice/Transmutation            4
   e - Blade Hands                    Transmutation                5
Comestibles
 c - a bread ration
 f - 2 chunks of flesh
 g - a beef jerky
 i - a meat ration


   Skills:
 + Level 1.5 Fighting
 - Level 2.0 Dodging
 * Level 3.5 Unarmed Combat
 - Level 2.0 Spellcasting
 + Level 2.6 Transmutations


You had 5 spell levels left.
You knew the following spells:

 Your Spells              Type           Power        Failure   Level  Hunger
a - Beastly Appendage     Trmt           #.....       10%         1    #......


Dungeon Overview and Level Annotations

Branches:
Dungeon (2/15)

Altars:


Innate Abilities, Weirdness & Mutations

You cannot wear most types of armour.
You are amphibious.
You can wear up to eight rings at the same time.
You can use your tentacles to constrict eight enemies at once.
Your skin changes colour to match your surroundings (Stealth).
Your rubbery body absorbs attacks (AC +1).
One of your tentacles bears a large vicious spike.
You occasionally shout uncontrollably at your foes.
You can spit weak poison.


Message History

There is a nasty taste in your mouth for a moment.
You constrict the quokka.
The quokka twitches its whiskers.
The quokka bites you.
* * * LOW HITPOINT WARNING * * *
The quokka closely misses you.
Drink which item? (? for menu, Esc to quit)
You can't drink that!
Drink which item? (? for menu, Esc to quit)
It was a potion of agility.
You feel agile all of a sudden.
Your transformation is almost over.
You constrict the quokka.
* * * LOW HITPOINT WARNING * * *
You feel sick. The quokka barely misses you.
You barely miss the quokka.
The quokka is moderately wounded.
You constrict the quokka. The quokka closely misses you.
You tentacle-slap the quokka.
You kill the quokka!
You die...

#### ####..####
#........#
#........
#.......
##......
#....††# #.#
#@# #.#
#..#####.#
#.......#
######.<######
#####..........
#.......######.
#.####..##
##..# #####.#


There were no monsters in sight!

Vanquished Creatures
  An adder (D:2)
  A giant gecko (D:1)
  2 giant cockroaches
  A goblin (D:2)
  A hobgoblin (D:1)
  3 kobolds (D:1)
  A quokka (D:2)
  A bat (D:1)
  4 rats
15 creatures vanquished.

Notes
Turn   | Place    | Note
--------------------------------------------------------------
     0 | D:1      | ithink the Octopode Transmuter began the quest for the Orb.
     0 | D:1      | Reached XP level 1. HP: 13/13 MP: 3/3
    88 | D:1      | Reached XP level 2. HP: 15/18 MP: 5/5
   388 | D:2      | Reached XP level 3. HP: 10/23 MP: 4/6
   390 | D:2      | Gained mutation: You occasionally shout uncontrollably at your foes. [potion of mutation]
   390 | D:2      | Gained mutation: You can spit weak poison. [potion of mutation]
   391 | D:2      | HP: 1/23 [poisoned by an adder]
   394 | D:2      | Succumbed to an adder's poison

Vault maps used:
D:1:      dpeg_arrival_connections
D:2:      uniq_sigmund, uniq_jessica, uniq_iyjb

Action                   || total
-------------------------++-------
Melee: Unarmed           ||    42
Throw: Stone             ||    12
 Cast: Beastly Appendage ||     1
  Use: Scroll            ||     2
       Potion            ||     2
 Stab: Sleeping          ||     3
